[Event "WSTCC-65 2024"]
[Site "Krakow"]
[Date "2024.07.02"]
[Round "1.1"]
[White "Nunn, John D M"]
[Black "Thuesen, Mogens"]
[Result "1-0"]
[ECO "C12"]
[WhiteElo "2552"]
[BlackElo "2158"]
[Annotator "TA"]
[PlyCount "71"]
[EventDate "2024.07.01"]
[EventType "team-tourn"]
[EventCountry "POL"]
[SourceTitle "playchess.com"]
[Source "ChessBase"]
[SourceQuality "1"]
[TimeControl "40/5400+30:1800+30"]

1. e4 e6 2. d4 d5 3. Nc3 Nf6 4. Bg5 Bb4 5. e5 h6 6. Bc1 Ne4 7. Qg4 g6 (7... Bxc3+ $6 8. bxc3 Kf8 9. Ne2 $16) (7... Nxc3 $6 8. Qxg7 Kd7 9. Bd2 $16 (9. bxc3 $2 {too greedy.} Bxc3+ 10. Kd1 Bxa1 $19)) 8. Nge2 c5 {[%emt 0:01:02] aiming for ...cxd4.} 9. a3 {[%emt 0:01:51] The position is equal.} Bxc3+ 10. Nxc3 Nxc3 11. bxc3 Qc7 12. Bd2 Bd7 13. Bd3 Nc6 14. O-O O-O-O 15. Rfe1 c4 16. Bf1 Na5 17. a4 Bc6 18. Qd1 Qd7 19. Qb1 b6 20. Qb4 (20. Qc1 $14) 20... g5 21. Be2 Rhg8 (21... Rdg8 $14) 22. Bh5 $16 Qc7 {[%emt 0:03:39] [#]} 23. Re3 $1 Be8 24. Rh3 Bc6 (24... Nc6 $14 25. Qa3 Qd7) 25. Rf3 Rg7 26. Rf6 Rh7 27. f4 {[%emt 0:02:05] White is much more active.} Be8 (27... gxf4 $16 {was worth a try.} 28. Bxf4 Rdh8) 28. Rf1 $18 ({Don't play} 28. fxg5 hxg5 29. g4 Nc6 $18) 28... Nc6 29. Qa3 Qe7 $2 {[%emt 0:08:28] [#]} (29... gxf4 {is a better defense.} 30. Bxf4 a6) 30. Qxe7 Nxe7 31. fxg5 hxg5 32. Bxf7 Bxf7 33. Rxf7 {[%emt 0:00:06] White is clearly winning.} Rdh8 34. Rxh7 Rxh7 35. Rf8+ Kb7 36. Bxg5 {[%emt 0:00:36] Weighted Error Value: White=0.07 (flawless) /Black=0.27 (precise) .  Mistake:       	White=1     	Black=4      Inaccurate:     	White=1     	Black=3      OK:         	White=14    	Black=9      Best:        	White=4     	---        Strong:       	White=1     	---} 1-0

[Event "WSTCC-65 2024"]
[Site "Krakow"]
[Date "2024.07.02"]
[Round "1.1"]
[White "Garcia Palermo, Carlos Horacio"]
[Black "Chubar, Vladimir"]
[Result "1-0"]
[ECO "A40"]
[WhiteElo "2419"]
[BlackElo "1836"]
[Annotator "TA"]
[PlyCount "63"]
[EventDate "2024.07.01"]
[EventType "team-tourn"]
[EventCountry "POL"]
[SourceTitle "playchess.com"]
[Source "ChessBase"]
[SourceQuality "1"]
[TimeControl "40/5400+30:1800+30"]

1. d4 e6 2. c4 f5 3. Nf3 Nf6 4. g3 c6 5. Bg2 d5 6. Bf4 Be7 7. Nbd2 O-O 8. h4 Ne4 {[%emt 0:10:58] White has an edge.} 9. O-O Nd7 10. Qb3 Kh8 11. Nxe4 fxe4 12. Ng5 Nf6 13. Bh3 dxc4 (13... h6 14. Nxe6 Bxe6 15. Bxe6 $14) (13... Nh5 $11) 14. Qc2 ({Better is} 14. Qxc4 $14 Nd5 15. e3 (15. Nxe6 $2 Bxe6 16. Bxe6 Nxf4 $19)) 14... Nd5 (14... Qxd4 $11 15. Rad1 (15. Nxe6 Bxe6 16. Bxe6 b5 $15) (15. Bxe6 b5 $11) 15... Qb6) 15. Qxe4 $16 {[%emt 0:00:53][%csl Gg5][%cal Re4h7] White is more active.} (15. Nxe6 $2 Bxe6 16. Bxe6 Nxf4 17. gxf4 Rxf4 $19) 15... Bxg5 16. Bxg5 Qb6 17. Qe5 (17. Bxe6 $2 Re8 (17... Qxb2 18. Rfb1 $14) 18. Bxd5 Rxe4 19. Bxe4 h6 $19 (19... Qxb2 20. e3 $17) (19... Qxd4 $2 20. Rfd1 $18)) 17... Qxb2 {[%emt 0:03:48] [#]} 18. h5 $1 $40 {[%emt 0:00:55][%mdl 128] White is out for blood.} (18. Bxe6 Bxe6 19. Rab1 Qc2 (19... Qxa2 20. Rxb7 Bf7 21. Bh6 $11) 20. Rxb7 Bf7 $17 (20... Qg6 $2 21. h5 $18)) 18... Qc2 $2 {[%emt 0:07:02] Repels e4. This move loses the game for Black.} (18... Rf7 $16 {was worth a try.} 19. Rac1 (19. Bxe6 Bxe6 20. Rab1 Qxa2 $14) 19... Kg8) 19. e4 (19. Bxe6 $2 Bxe6 20. Qxe6 Rae8 $19) 19... Nf6 (19... h6 {might work better.}) 20. h6 $18 {[%emt 0:00:17] And now Bxf6 would win.} (20. Bxe6 $2 {perishes.} Bxe6 (20... Nxe4 $2 21. h6 $18) 21. Qxe6 Rae8 $19 (21... Qxe4 22. Qxc4 Nxh5 23. Rae1 $15) (21... Nxe4 22. Bf4 $15)) 20... Rf7 (20... Ne8 $142 21. Bf4 (21. Bxe6 Bxe6 22. Qxe6 gxh6 $18) 21... Qa4 22. hxg7+ (22. Bxe6 Bxe6 23. Qxe6 Rxf4 $18) 22... Nxg7) 21. hxg7+ (21. Bxe6 Bxe6 22. Qxe6 Raf8 23. hxg7+ Kxg7 $18) 21... Kxg7 22. Rae1 {[%emt 0:00:46] Strongly threatening Re3.} (22. Bxe6 Bxe6 23. Qxe6 Nxe4 24. Bh6+ (24. Rac1 Nxg5 $11) 24... Kg8 $18) 22... Bd7 (22... h6 $142 23. Bh4 Qa4) 23. Bxf6+ ({Weaker is} 23. Bxe6 Bxe6 24. Qxe6 a6 $18) 23... Rxf6 {[%emt 0:00:25] [#]} 24. Qg5+ Kf7 25. Bg4 Rg8 26. Bh5+ Rfg6 27. Re3 Ke8 28. d5 {[%emt 0:02:00][%cal Bd4d5,Bd5d6][%mdl 32] d6 is the strong threat.} Qxa2 29. d6 {[%emt 0:02:27][%csl Gd6][%cal Rg5e7] White mates.} R8g7 30. Qf6 Rf7 31. Qh8+ Rf8 32. Qxh7 {[%emt 0:00:10] Weighted Error Value: White=0.17 (very precise) /Black=0.92.  Mistake:       	White=1     	Black=6      Inaccurate:     	White=1     	Black=1      OK:         	White=6     	Black=4      Best:        	White=1     	---} 1-0

[Event "WSTCC-65 2024"]
[Site "Krakow"]
[Date "2024.07.02"]
[Round "1.1"]
[White "Meulders, Richard"]
[Black "Falk, Thomas"]
[Result "1/2-1/2"]
[ECO "A06"]
[WhiteElo "2154"]
[BlackElo "2022"]
[Annotator "RC"]
[PlyCount "83"]
[EventDate "2024.07.01"]
[EventType "team-tourn"]
[EventCountry "POL"]
[SourceTitle "playchess.com"]
[Source "ChessBase"]
[SourceQuality "1"]
[TimeControl "40/5400+30:1800+30"]

1. Nf3 d5 2. b3 Bf5 3. Bb2 e6 4. g3 Nf6 5. Bg2 Be7 6. O-O h6 7. d3 O-O 8. Nbd2 c6 9. c4 a5 10. a3 Re8 11. Qc2 Bf8 12. Rfd1 Bh7 13. e4 Na6 14. e5 Nd7 15. Qc3 Qb6 16. d4 c5 17. Qe3 Rad8 18. Rdc1 cxd4 19. Bxd4 Bc5 20. h4 f6 21. exf6 Nxf6 22. Bxc5 Qxc5 23. cxd5 Qxe3 24. fxe3 exd5 25. Rc3 Re7 26. Nd4 Be4 27. Rac1 g6 28. Rc8 Rxc8 29. Rxc8+ Kf7 30. Nxe4 Nxe4 31. Bf3 Kf6 32. Kg2 h5 33. Be2 Nc7 34. Bd3 Nc5 35. Bc2 N5e6 36. Nxe6 Nxe6 37. Rg8 Rg7 38. Rxg7 Kxg7 39. Kf3 Kf6 40. b4 axb4 41. axb4 g5 42. hxg5+ 1/2-1/2

[Event "WSTCC-65 2024"]
[Site "Krakow"]
[Date "2024.07.02"]
[Round "1.2"]
[White "Holst, Per"]
[Black "Kosten, Anthony C."]
[Result "0-1"]
[ECO "E16"]
[WhiteElo "2073"]
[BlackElo "2360"]
[Annotator "RC"]
[PlyCount "54"]
[EventDate "2024.07.01"]
[EventType "team-tourn"]
[EventCountry "POL"]
[SourceTitle "playchess.com"]
[Source "ChessBase"]
[SourceQuality "1"]
[TimeControl "40/5400+30:1800+30"]

1. d4 Nf6 2. c4 e6 3. Nf3 Bb4+ 4. Bd2 Qe7 5. g3 Bxd2+ 6. Qxd2 Nc6 7. Bg2 Ne4 8. Qc2 Qb4+ 9. Kf1 d5 10. e3 O-O 11. Nbd2 f5 12. a3 Qe7 13. b4 a6 14. Ke2 Bd7 15. Rhb1 Be8 16. b5 Na5 17. a4 Nxc4 18. Nxc4 dxc4 19. Ne5 axb5 20. axb5 Rxa1 21. Rxa1 Nd6 22. Rb1 Nxb5 23. Nxc4 c6 24. Rb3 Bh5+ 25. Ke1 Ra8 26. Qb1 Qd8 27. Ne5 Nxd4 0-1

[Event "WSTCC-65 2024"]
[Site "Krakow"]
[Date "2024.07.02"]
[Round "1.2"]
[White "Dovzhenko, Viktor"]
[Black "Messa, Roberto"]
[Result "0-1"]
[ECO "A00"]
[WhiteElo "2044"]
[BlackElo "2262"]
[Annotator "TA"]
[PlyCount "120"]
[EventDate "2024.07.01"]
[EventType "team-tourn"]
[EventCountry "POL"]
[SourceTitle "playchess.com"]
[Source "ChessBase"]
[SourceQuality "1"]
[TimeControl "40/5400+30:1800+30"]

1. g3 d5 2. Bg2 Nf6 3. c4 e6 4. Qc2 c5 5. Nf3 Nc6 6. d3 {[%emt 0:08:59] A15: English Opening: 1...Nf6.} d4 7. O-O e5 8. a3 $146 ({Predecessor:} 8. e3 h6 9. exd4 exd4 10. Re1+ Be7 11. a3 O-O 12. Nbd2 Bd6 13. Ne4 Nxe4 14. Rxe4 {1-0 Tomilova,E (2309)-Voit,D (2386) RUS-ch blitz (Women) 2016 (9.1)}) 8... a5 9. e3 Be7 10. exd4 exd4 11. Re1 O-O 12. Bg5 h6 13. Bxf6 Bxf6 14. Nbd2 Bg4 15. h3 Bd7 16. Re2 Qc8 17. Kh2 Ra6 18. Nb3 b6 19. Rae1 Ra7 20. Nbd2 Bf5 21. Ne4 Be7 22. Qd2 Bh7 23. Qf4 Rd8 24. Ne5 Nxe5 25. Qxe5 Bf8 26. Qf4 Qf5 27. Qd2 Qd7 28. g4 (28. Qc2 $11) 28... f5 $15 29. gxf5 Bxf5 30. Ng3 Bd6 31. Bd5+ Kh8 32. Be6 $1 Bxe6 33. Rxe6 Qf7 ({Black should play} 33... Rf8 $1 $17 {aiming for ...Bf4.} 34. Qe2 b5 35. cxb5 Bxg3+ 36. fxg3 Qxb5) 34. Kg2 $11 ({Wrong is} 34. Rxh6+ $2 gxh6 35. Qxh6+ Kg8 36. Qg5+ Kh7 37. Qh4+ Kg7 38. Qg5+ Qg6 (38... Kh7 $2 39. Qh4+ Kg7 40. Qg5+ Qg6 41. Qxd8 $19) 39. Qxd8 Rf7 $19) 34... Rad7 35. Qe2 Rf8 36. Re8 Rd8 37. Rxd8 Rxd8 38. Qe6 Qxe6 (38... Qb7+ $11 39. Qe4 Qf7) 39. Rxe6 $16 Rd7 40. Nf5 $1 Bc7 41. Ne7 Bd8 42. Nd5 (42. Nc8 $18) 42... b5 $16 43. Rc6 bxc4 44. dxc4 Bf6 45. Rxc5 d3 46. Kf3 $2 {[%emt 0:00:00] [#]} (46. Kf1 $16 {b4 is the strong threat.} Bxb2 47. Rxa5) 46... Bxb2 (46... Bd4 $1 $17 47. Rc8+ (47. Rxa5 $2 {loses.} Rf7+ 48. Kg3 d2 $19) 47... Kh7) 47. Ke3 $2 {[%emt 0:00:00][%mdl 8192] [#]} (47. Rxa5 $11 Bc1 48. Ra4) 47... Bd4+ $1 $19 48. Kxd4 d2 49. Rxa5 d1=Q+ (49... d1=B $2 {is the wrong capture.} 50. c5 h5 51. Ra8+ Kh7 52. c6 $18) 50. Kc5 Qf3 51. Ra8+ Kh7 52. Kc6 Qxh3 53. a4 Qe6+ 54. Kc5 Qd6+ 55. Kd4 Qc6 56. Ra5 Qb6+ 57. Rc5 Qa7 58. a5 Rd6 59. f4 h5 60. f5 h4 0-1

[Event "WSTCC-65 2024"]
[Site "Krakow"]
[Date "2024.07.02"]
[Round "1.2"]
[White "Lomer, Edmund"]
[Black "Rooze, Jan"]
[Result "0-1"]
[ECO "A04"]
[WhiteElo "1943"]
[BlackElo "2222"]
[Annotator "TA"]
[PlyCount "102"]
[EventDate "2024.07.01"]
[EventType "team-tourn"]
[EventCountry "POL"]
[SourceTitle "playchess.com"]
[Source "ChessBase"]
[SourceQuality "1"]
[TimeControl "40/5400+30:1800+30"]

1. Nf3 c5 2. g3 b6 3. Bg2 Bb7 4. O-O Nf6 5. c4 g6 6. d4 cxd4 7. Qxd4 Bg7 8. Nc3 d6 9. Rd1 Nbd7 10. Bg5 Rc8 11. Rac1 h6 12. Bxf6 {[%emt 0:04:17] The position is equal.} Bxf6 13. Qd3 O-O 14. b3 Bg7 15. Nh4 Bxg2 16. Nxg2 a6 17. Nf4 Re8 18. Ne4 Ne5 19. Qd5 Qc7 20. h4 Qb8 21. Nd3 Nxd3 22. Qxd3 b5 23. c5 dxc5 (23... f5 $5 24. Nxd6 exd6 25. cxd6 Rcd8 $11 (25... Rxc1 26. Qd5+ Kh7 27. Rxc1 $15)) 24. Rxc5 (24. Nxc5 $11 Red8 25. Nd7) 24... f5 $1 $15 25. Rxc8 Qxc8 26. Nd2 Rd8 27. Qe3 {[%emt 0:01:27][%mdl 8192] [#] Loses the game.} (27. Qb1 $15) 27... Qc2 $19 28. Qe6+ Kh7 29. Rf1 Rxd2 30. Qxa6 Rxe2 31. h5 gxh5 32. Qxb5 h4 {[%emt 0:00:50][%cal Oe2f2] [#] ( -> ...Rxf2!)} (32... Qxa2 $2 33. Qxf5+ Kg8 34. Rc1 $19) 33. gxh4 Qe4 (33... Qxa2 34. Qxf5+ Kg8 35. Rc1 $11) 34. Qc4 Qxc4 (34... Qf3 $142 35. h5 Re4 (35... Rxa2 $2 36. Qf7 $19) (35... Qxh5 $2 36. Rc1 $19) 36. Rc1 Qg4+ 37. Kf1 Qh3+ (37... Qxh5 {gets mated.} 38. Kg2 Qg4+ 39. Kh1 Qh3+ 40. Kg1 Rg4+ 41. Qxg4 fxg4 42. Rd1 Be5 43. Rd2 Bh2+ 44. Kh1 Bf4+ 45. Kg1 Bxd2 46. b4 g3 47. b5 Qh2+ 48. Kf1 Qxf2#) 38. Kg1 Rg4+ 39. Qxg4 fxg4 (39... Qxg4+ $2 40. Kf1 $19) 40. Rd1 Be5 (40... Qxh5 $2 41. Rd3 $19) 41. Rd2 Bh2+ (41... Qxh5 $2 42. Rd3 $19) 42. Kh1 Bf4+ (42... Qxh5 {leads to mate.} 43. Rd5 Qh3 44. Rf5 g3 45. fxg3 Bxg3+ 46. Kg1 Qxf5 47. Kg2 Qf2+ 48. Kh3 h5 49. b4 Qh2#) 43. Kg1 Bxd2 44. a3 g3 (44... Qxb3 {is a self mate.} 45. Kg2 Qh3+ 46. Kg1 g3 47. a4 Qh2+ 48. Kf1 Qxf2#) 45. b4 Qh2+ 46. Kf1 Qxf2#) 35. bxc4 Rxa2 {[%emt 0:00:17][%mdl 4096] Endgame. KRB-KR} 36. Kg2 Rc2 37. Re1 Bf6 38. h5 Rxc4 39. Kg3 Kg7 40. Rh1 Bg5 41. f3 Kf6 {[%emt 0:30:33] Black mates.} 42. Rh3 Bf4+ 43. Kg2 Rc2+ 44. Kg1 Kg5 45. Kh1 e5 46. Kg1 Rb2 47. Kh1 Rh2+ 48. Rxh2 Bxh2 49. Kxh2 Kxh5 50. Kh3 Kg5 51. Kg3 h5 {[%emt 0:00:28] Weighted Error Value: White=0.88/Black=0.32.  Loses game:     	White=1     	---        Mistake:       	White=1     	---        Inaccurate:     	White=1     	Black=1      OK:         	White=5     	Black=4      Best:        	White=1     	Black=2      Strong:       	---       	Black=1} 0-1

[Event "WSTCC-65 2024"]
[Site "Krakow"]
[Date "2024.07.02"]
[Round "1.3"]
[White "Mestel, A Jonathan"]
[Black "Sonderstrup, Bjarne"]
[Result "1-0"]
[ECO "A25"]
[WhiteElo "2470"]
[BlackElo "2011"]
[Annotator "TA"]
[PlyCount "55"]
[EventDate "2024.07.01"]
[EventType "team-tourn"]
[EventCountry "POL"]
[SourceTitle "playchess.com"]
[Source "ChessBase"]
[SourceQuality "1"]
[TimeControl "40/5400+30:1800+30"]

1. c4 e5 2. Nc3 Nc6 3. g3 g6 4. Bg2 Bg7 5. Rb1 a5 6. e3 d6 7. Nge2 Nge7 8. a3 O-O 9. b4 axb4 10. axb4 {[%emt 0:00:06] The position is equal.} Nf5 11. O-O Rb8 12. b5 Nce7 13. Ba3 Re8 14. Qb3 Be6 15. Rfc1 Nc8 16. Nd5 Nfe7 17. b6 c6 (17... cxb6 $142 18. Nxb6 Nc6) 18. Nc7 $16 Rf8 19. d4 {[%emt 0:07:13] White is much more active.} Bg4 {[%emt 0:06:08] [#]} 20. f3 $1 Bf5 {[%emt 0:01:40] [#] A mistake that costs the game.} (20... Bd7 $16 {is a better defense.}) 21. e4 $1 $18 exd4 22. exf5 Nxf5 23. c5 Qe7 24. Qd3 Rd8 25. Bh3 dxc5 26. Bxc5 Qf6 27. Bxf5 gxf5 28. Rd1 {[%emt 0:02:37] Weighted Error Value: White=0.07 (flawless) /Black=0.29 (precise) .  Mistake:       	---       	Black=2      Inaccurate:     	---       	Black=2      OK:         	White=9     	Black=4      Best:        	White=1     	---        Strong:       	White=2     	---} 1-0

[Event "WSTCC-65 2024"]
[Site "Krakow"]
[Date "2024.07.02"]
[Round "1.3"]
[White "Cocozza, Mario"]
[Black "Karnaukh, Anatolij"]
[Result "1/2-1/2"]
[ECO "B07"]
[WhiteElo "2206"]
[BlackElo "1970"]
[Annotator "RC"]
[PlyCount "49"]
[EventDate "2024.07.01"]
[EventType "team-tourn"]
[EventCountry "POL"]
[SourceTitle "playchess.com"]
[Source "ChessBase"]
[SourceQuality "1"]
[TimeControl "40/5400+30:1800+30"]

1. e4 d6 2. d4 Nf6 3. Nc3 c6 4. Nf3 Qa5 5. Bd2 e5 6. Be2 Bg4 7. dxe5 dxe5 8. h3 Bh5 9. Nh4 Bxe2 10. Qxe2 Qa6 11. Qf3 Nbd7 12. Nf5 h6 13. g4 g6 14. Ne3 Be7 15. h4 O-O-O 16. O-O-O Rhf8 17. Kb1 h5 18. Bc1 Bb4 19. Rd3 Be7 20. Rhd1 hxg4 21. Nxg4 Qc4 22. Bh6 Rfe8 23. Bg5 Qe6 24. Nxf6 Nxf6 25. Bxf6 1/2-1/2

[Event "WSTCC-65 2024"]
[Site "Krakow"]
[Date "2024.07.02"]
[Round "1.3"]
[White "Van Herck, Marcel"]
[Black "Hansch, Klaus-Michael"]
[Result "1-0"]
[ECO "B01"]
[WhiteElo "1942"]
[BlackElo "1898"]
[Annotator "NA RC"]
[PlyCount "89"]
[EventDate "2024.07.01"]
[EventType "team-tourn"]
[EventCountry "POL"]
[SourceTitle "playchess.com"]
[Source "ChessBase"]
[SourceQuality "1"]
[TimeControl "40/5400+30:1800+30"]

1. e4 d5 2. exd5 Nf6 3. d4 Nxd5 4. c4 Nb6 5. Nf3 Bg4 6. c5 Bxf3 7. Qxf3 Nd5 8. Bc4 e6 9. O-O c6 10. Nc3 Nxc3 11. bxc3 Be7 12. Rb1 Qc8 13. Qg3 O-O 14. Bh6 Bf6 15. Bf4 Nd7 16. Bd6 Re8 17. f4 Be7 18. f5 Bf6 19. fxe6 fxe6 20. Rbe1 Qd8 21. Bxe6+ Kh8 22. Qh3 Nf8 23. Bf5 Rxe1 24. Rxe1 g6 25. Bxf8 gxf5 26. Bd6 b6 27. Qxf5 Bg7 28. Re7 bxc5 29. dxc5 Qg8 30. Be5 Rf8 31. Qxf8 Qxf8 32. Bxg7+ Qxg7 33. Re8+ Qg8 34. Rxg8+ Kxg8 35. Kf2 Kf7 36. Ke3 Ke6 37. Ke4 Kf6 38. Kf4 Ke6 39. c4 Kf6 40. g4 a5 41. h4 a4 42. a3 h6 43. g5+ hxg5+ 44. hxg5+ Ke6 45. Ke4 1-0

[Event "WSTCC-65 2024"]
[Site "Krakow"]
[Date "2024.07.02"]
[Round "1.4"]
[White "Kalinin, Alexander"]
[Black "Trabattoni, Franco"]
[Result "1/2-1/2"]
[ECO "A48"]
[WhiteElo "2459"]
[BlackElo "2210"]
[Annotator "TA"]
[PlyCount "53"]
[EventDate "2024.07.01"]
[EventType "team-tourn"]
[EventCountry "POL"]
[SourceTitle "playchess.com"]
[Source "ChessBase"]
[SourceQuality "1"]
[TimeControl "40/5400+30:1800+30"]

1. d4 Nf6 2. Nf3 g6 3. c4 Bg7 4. Nc3 d6 5. e4 O-O 6. Bd3 Nbd7 7. Bg5 c5 8. d5 h6 9. Bh4 (9. Bd2 $14) 9... a6 10. Qd2 Rb8 11. a4 b6 (11... g5 $11 12. Bg3 Nh5) 12. O-O (12. h3 $14) 12... Nh5 13. Rfe1 Ne5 (13... g5 $11 14. Bg3 Nxg3 15. hxg3 Re8) 14. Nxe5 $16 dxe5 15. Be2 {[%emt 0:03:33] White is more active.} (15. f3 $16) 15... Nf4 $14 16. f3 Qd6 17. Bf1 g5 18. Bf2 Bd7 19. Qe3 Rfc8 {[%emt 0:01:47] [#]} ({Black should play} 19... a5 $1 $14) 20. Ne2 (20. a5 $1 $16) 20... b5 (20... Bf8 $14) 21. cxb5 (21. axb5 $18 axb5 22. b4 cxb4 (22... Nxe2+ $2 23. Bxe2 cxb4 24. c5 $18) 23. c5) 21... axb5 22. a5 Ra8 23. Rec1 c4 {[%emt 0:02:03] [#]} 24. Ng3 (24. Nc3 $1 $16) 24... Qb4 (24... Qa6 $11) 25. Qc3 (25. Be1 $16 Qd6 (25... Qxb2 $2 {is the wrong capture.} 26. Bc3 $18) 26. b3) 25... Qd6 $11 26. Bb6 e6 27. dxe6 {[%emt 0:00:22] Weighted Error Value: White=0.41/Black=0.39.  Mistake:       	White=7     	Black=5      Inaccurate:     	White=4     	Black=3      OK:         	White=6     	Black=3      Best:        	White=1     	Black=2} 1/2-1/2

[Event "WSTCC-65 2024"]
[Site "Krakow"]
[Date "2024.07.02"]
[Round "1.4"]
[White "Jorgensen, Arne Bjorn"]
[Black "Chapman, Terry P D"]
[Result "0-1"]
[ECO "D30"]
[WhiteElo "1940"]
[BlackElo "2287"]
[Annotator "TA"]
[PlyCount "78"]
[EventDate "2024.07.01"]
[EventType "team-tourn"]
[EventCountry "POL"]
[SourceTitle "playchess.com"]
[Source "ChessBase"]
[SourceQuality "1"]
[TimeControl "40/5400+30:1800+30"]

1. d4 Nf6 2. c4 e6 3. Nf3 d5 4. Bg5 h6 5. Bxf6 Qxf6 6. e3 Nd7 7. Nc3 c6 8. Be2 Bb4 9. Rc1 O-O 10. O-O Qe7 {[%emt 0:16:33] The position is equal.} 11. a3 Bxc3 12. Rxc3 Rd8 13. b4 dxc4 14. Bxc4 e5 15. Qb3 e4 {[%emt 0:05:17] [#]} 16. Ne5 Nxe5 $15 17. dxe5 b5 $36 {[%emt 0:08:37][%mdl 2048] Black is on the roll.} 18. Be2 Be6 19. Qc2 Bd5 20. f4 exf3 21. Bxf3 Qxe5 22. Bxd5 cxd5 23. Rf3 Qe6 24. Qd3 (24. Rc6 $142 Qe8 25. Qc5) 24... a6 25. Rc5 Rac8 26. Rf5 Rxc5 27. bxc5 Qe4 28. Qxe4 dxe4 $17 {[%emt 0:00:01][%mdl 4096] Endgame. KR-KR} 29. Re5 Rc8 30. Rxe4 ({White should try} 30. Kf2) 30... Rxc5 {[%emt 0:00:06] ...Rc1+ would now be deadly.} 31. Re8+ {[%emt 0:00:36] Loses the game.} Kh7 {[%emt 0:00:01] aiming for ...Rc3.} 32. Ra8 Rc6 33. Kf2 Kg6 34. Kf3 Kf5 35. Ra7 Ke6 36. g3 (36. Ke2 $17) 36... h5 37. h4 (37. Ke2 {is a better defense.}) 37... g6 $19 38. Kf4 (38. Rb7 {was worth a try.}) 38... Rc4+ 39. Kf3 Ra4 {[%emt 0:00:12] Weighted Error Value: White=0.31/Black=0.12 (very precise) .  Mistake:       	White=6     	---        Inaccurate:     	White=5     	Black=3      OK:         	White=7     	Black=12     Best:        	White=1     	Black=3} 0-1

[Event "WSTCC-65 2024"]
[Site "Krakow"]
[Date "2024.07.02"]
[Round "1.4"]
[White "Kundt, Guenther"]
[Black "Aragones-Melhem, Georgy"]
[Result "0-1"]
[ECO "D20"]
[WhiteElo "1843"]
[BlackElo "2079"]
[Annotator "NA RC"]
[PlyCount "50"]
[EventDate "2024.07.01"]
[EventType "team-tourn"]
[EventCountry "POL"]
[SourceTitle "playchess.com"]
[Source "ChessBase"]
[SourceQuality "1"]
[TimeControl "40/5400+30:1800+30"]

1. d4 d5 2. c4 dxc4 3. e4 b5 4. a4 c6 5. axb5 cxb5 6. b3 Bb7 7. f3 e6 8. bxc4 Bxe4 9. c5 Bc6 10. Be3 Nf6 11. Bd3 Nd5 12. Bf2 Nd7 13. Ne2 b4 14. Nd2 a5 15. Bc2 Be7 16. O-O O-O 17. Ba4 Nb8 18. Nc4 Bf6 19. Bg3 Nc3 20. Nxc3 Qxd4+ 21. Qxd4 Bxd4+ 22. Kh1 Bxc3 23. Ra2 Bd5 24. Bb5 Nc6 25. Ra4 Nd4 0-1

[Event "WSTCC-65 2024"]
[Site "Krakow"]
[Date "2024.07.02"]
[Round "1.5"]
[White "Rewitz, Jan"]
[Black "Mikhalevski, Alexander"]
[Result "0-1"]
[ECO "D55"]
[WhiteElo "2089"]
[BlackElo "2393"]
[Annotator "RC"]
[PlyCount "36"]
[EventDate "2024.07.01"]
[EventType "team-tourn"]
[EventCountry "POL"]
[SourceTitle "playchess.com"]
[Source "ChessBase"]
[SourceQuality "1"]
[TimeControl "40/5400+30:1800+30"]

1. d4 d5 2. Nf3 Nf6 3. c4 e6 4. Nc3 Be7 5. Bg5 O-O 6. e3 b6 7. cxd5 exd5 8. Be2 Bb7 9. O-O Nbd7 10. Rc1 Ne4 11. Bxe7 Qxe7 12. Nxe4 dxe4 13. Nd2 c5 14. Nb3 Rfd8 15. Rc3 Ne5 16. Qc2 Nf3+ 17. Kh1 Qh4 18. gxf3 Rd6 0-1

[Event "WSTCC-65 2024"]
[Site "Krakow"]
[Date "2024.07.02"]
[Round "1.5"]
[White "White, Alastair F"]
[Black "Raupp, Thomas"]
[Result "0-1"]
[ECO "D02"]
[WhiteElo "2022"]
[BlackElo "2237"]
[Annotator "RC"]
[PlyCount "62"]
[EventDate "2024.07.01"]
[EventType "team-tourn"]
[EventCountry "POL"]
[SourceTitle "playchess.com"]
[Source "ChessBase"]
[SourceQuality "1"]
[TimeControl "40/5400+30:1800+30"]

1. d4 d5 2. Nf3 Nf6 3. Bf4 c5 4. e3 Nc6 5. c3 Qb6 6. Qb3 c4 7. Qxb6 axb6 8. Nbd2 b5 9. b4 Bf5 10. h3 e6 11. Be2 Be7 12. g4 Bg6 13. Ne5 Nxe5 14. dxe5 Ne4 15. Nxe4 Bxe4 16. Rg1 Ra3 17. f3 Bg6 18. Kd2 Kd7 19. Bd1 Rha8 20. Bc2 Bxc2 21. Kxc2 Rxa2+ 22. Rxa2 Rxa2+ 23. Kb1 Rf2 24. h4 Rxf3 25. g5 Bd8 26. h5 Bb6 27. g6 hxg6 28. hxg6 Ke8 29. Bh6 Kf8 30. Bf4 fxg6 31. Rxg6 Kf7 0-1

[Event "WSTCC-65 2024"]
[Site "Krakow"]
[Date "2024.07.02"]
[Round "1.5"]
[White "Idesis, Yaacov"]
[Black "Renman, Nils-Gustaf"]
[Result "0-1"]
[ECO "A36"]
[WhiteElo "1879"]
[BlackElo "2314"]
[Annotator "TA"]
[PlyCount "40"]
[EventDate "2024.07.01"]
[EventType "team-tourn"]
[EventCountry "POL"]
[SourceTitle "playchess.com"]
[Source "ChessBase"]
[SourceQuality "1"]
[TimeControl "40/5400+30:1800+30"]

1. c4 c5 2. Nc3 Nc6 3. g3 g6 4. Bg2 Bg7 5. e3 e5 6. Nge2 a6 7. O-O Nge7 8. a3 {[%emt 0:00:29] White has an edge.} O-O 9. Rb1 b5 10. cxb5 axb5 11. Nxb5 Ba6 12. Nd6 (12. a4 $11 {remains equal.}) 12... Bd3 $17 13. Ra1 Qb6 {[%emt 0:03:39] White must now prevent ...Nb4.} 14. Re1 $2 {[%emt 0:06:56] [#] White does not recover from this.} (14. Nc3 $17) 14... Nb4 $1 $19 15. Bxa8 Rxa8 16. axb4 Rxa1 17. bxc5 Qxc5 {[%emt 0:01:47] White is weak on the light squares} 18. Ne4 {[%emt 0:07:12] [#]} (18. Ne8 Bxe2 19. Qxe2 Rxc1 20. Rf1) 18... Bxe4 {[%emt 0:01:09] Black is clearly winning.} 19. d3 Bf3 20. d4 Qc6 {[%emt 0:03:39] Weighted Error Value: White=0.90/Black=0.03 (flawless) .  Loses game:     	White=1     	---        Mistake:       	White=2     	---        Inaccurate:     	White=1     	Black=1      OK:         	White=3     	Black=7      Best:        	White=1     	Black=1      Strong:       	---       	Black=1} 0-1